 Dungeon Crawl Stone Soup version 0.28.0-47-ge53b351184 (webtiles) character file.

Game seed: 7623759603470747728

229 issech the Cudgeller (level 5, -6/53 HPs)
             Began as a Troll Fighter on May 3, 2022.
             Killed from afar by Sigmund (12 damage)
             ... with a puff of flame
             ... on level 3 of the Dungeon.
             The game lasted 00:08:35 (2854 turns).

issech the Cudgeller (Troll Fighter)                Turns: 2854, Time: 00:08:36

Health: -6/53      AC:  4    Str: 24    XL:     5   Next: 71%
Magic:  4/4        EV:  9    Int:  4    God:
Gold:   184        SH:  8    Dex: 11    Spells: 4/4 levels left

rFire   . . .      SeeInvis .   a - +0 flail
rCold   . . .      Faith    .   c - +0 kite shield
rNeg    . . .      Spirit   .   b - +0 robe
rPois   .          Reflect  .   (helmet restricted)
rElec   .          Harm     .   (no cloak)
rCorr   .          Rampage  .   (gloves unavailable)
Will    .....                   (boots unavailable)
Stlth   +.........              (no amulet)
HPRegen 0.97/turn               (no ring)
MPRegen 0.09/turn               (no ring)

@: no status effects
A: large, unfitting armour, claws 3, regeneration 1, shaggy fur 1, tough skin 1
a: no special abilities


You were on level 3 of the Dungeon.
You visited 1 branch of the dungeon, and saw 3 of its levels.

You collected 208 gold pieces.
You spent 24 gold pieces at shops.

Inventory:

Hand Weapons
 a - a +0 flail (weapon)
 m - a +2 dagger of holy wrath
 s - a +0 hunting sling
Missiles
 e - 11 bolts
 f - 137 stones (quivered)
 j - 39 arrows
 n - 6 poisoned darts
 v - a throwing net
Armour
 b - a +0 robe (worn)
 c - a +0 kite shield (worn)
Scrolls
 g - a scroll of enchant weapon
 l - a scroll of vulnerability
 o - a scroll of teleportation
 r - 2 scrolls of amnesia
 t - a scroll of magic mapping {unknown}
 u - a scroll of enchant armour {unknown}
 w - a scroll of fog {unknown}
Potions
 d - 2 potions of might
 h - a potion of berserk rage {unknown}
 i - 2 potions of flight {unknown}
 k - 2 potions of degeneration {unknown}
 p - a potion of cancellation {unknown}
 q - 2 potions of curing {unknown}


   Skills:
 + Level 3.1 Fighting
 + Level 3.6 Maces & Flails
 + Level 3.1 Dodging
 + Level 3.4 Shields


You had 4 spell levels left.
You didn't know any spells.
Your spell library contained the following spells:

 Spells                   Type           Power      Damage    Failure   Level
 Foxfire                  Conj/Fire      0%         2x1d4     80%         1
 Shock                    Conj/Air       0%         1d3       80%         1
 Sublimation of Blood     Necr           0%         N/A       90%         2
 Conjure Flame            Conj/Fire      0%         6-21      99%         3
 Inner Flame              Hex/Fire       0%         N/A       99%         3
 Swiftness                Air            0%         N/A       99%         3
 Tukima's Dance           Hex            0%         N/A       99%         3
 Airstrike                Air            0%         N/A       100%        4
 Anguish                  Hex/Necr       0%         N/A       100%        4
 Flame Wave               Conj/Fire      0%         2d4       100%        4
 Petrify                  Tmut/Erth      0%         N/A       100%        4
 Irradiate                Conj/Tmut      0%         3d13      100%        5
 Enfeeble                 Hex            0%         N/A       100%        7


Dungeon Overview and Level Annotations

Branches:
Dungeon (3/15)

Altars:
The Shining One

Shops:
D:1 *   D:2 *

Annotations:
D:3 Sigmund


Innate Abilities, Weirdness & Mutations

You are too large for most types of armour.
You have claws for hands.
Your natural rate of healing is unusually fast.
You are covered in fur. (AC +1)
You have tough skin. (AC +1)


Message History

Sigmund shouts!
Sigmund casts a spell at you. The puff of flame hits you!
You throw a stone. The stone barely misses Sigmund.
You throw a stone. The stone hits Sigmund.
Sigmund is lightly wounded.
Sigmund casts a spell.
Sigmund flickers and vanishes!
Deactivating autopickup; reactivate with Ctrl-A.
Something hits you!
You hit something.
You hear some strange, mumbled words.
Something tries to affect you, but you resist.
You hit something.
You hear a zap.
A puff of flame appears from out of thin air!
The puff of flame hits you. Something hits you but does no damage.
You barely miss something. You block something's attack.
You closely miss something. You miss something.
You hear a zap.
A puff of flame appears from out of thin air!
The puff of flame hits you! Something hits you.
You barely miss something. Something hits you.
You thump something! You closely miss something. Something hits you.
You miss something. Something hits you.
You barely miss something. Something hits you.
You miss something.
You hear a zap.
A puff of flame appears from out of thin air!
The puff of flame hits you.
You hit something. Something hits you.
* * * LOW HITPOINT WARNING * * *
Something hits you!
* * * LOW HITPOINT WARNING * * *
You hear a zap.
A puff of flame appears from out of thin air!
The puff of flame hits you!
You die...

#.# #(. ..# #.### #.# #.# #.#..
... #.# #########.#.# #.# #.#
#.# .......##.#.# #(# #<#
#######.# ###....##.#.# #{# #..
......... #....##.#'## #.#
#.#########.#
#....##....###.####.#...#...#..
#....#.......#@.....#.#.#.#†###
#.####..............#.#.#.#.#..
#.# #................†...#.#.#
#.# #.......######.#.#.###.#.#
#.# #.......# #.#.......#.#
###.# ######### #.#.#.#####.#
....# #.#.#.# #.#
#####################.###.# #.#
..#.....................#.# #.#


There were no monsters in sight!

Vanquished Creatures
  Terence (D:3)
  Natasha (D:3)
  7 gnolls
  3 adders
  2 ufetubi (D:3)
  2 worms
  3 dart slugs
  An orc (D:3)
  4 ball pythons
  7 endoplasms
  2 giant cockroaches
  3 hobgoblins
  2 jackals (D:2)
  6 quokkas
  4 bats
  4 frilled lizards (D:2)
  7 goblins
  7 kobolds
  3 rats
69 creatures vanquished.

Notes
Turn   | Place    | Note
-------+----------+-------------------------------------------
     0 | D:1      | issech the Troll Fighter began the quest for the Orb.
     0 | D:1      | Reached XP level 1. HP: 22/22 MP: 0/0
   337 | D:1      | Reached XP level 2. HP: 29/29 MP: 1/1
   522 | D:1      | Found Papisall's Assorted Antiques.
   700 | D:1      | Found a faded altar of an unknown god.
   892 | D:1      | Reached XP level 3. HP: 34/36 MP: 2/2
  1455 | D:2      | Found Ciexor's General Store.
  1458 | D:2      | Bought a scroll of identify for 24 gold pieces
  1701 | D:2      | Reached XP level 4. HP: 39/44 MP: 3/3
  2269 | D:3      | Noticed Terence
  2288 | D:3      | Killed Terence
  2289 | D:3      | Reached XP level 5. HP: 39/53 MP: 4/4
  2405 | D:3      | Noticed Natasha
  2412 | D:3      | Killed Natasha
  2444 | D:3      | Found a glowing golden altar of the Shining One.
  2834 | D:3      | Noticed Sigmund
  2854 | D:3      | Killed from afar by Sigmund

Illustrated notes

Levels and vault maps discovered:
D:1:      lightli_arrival_chessboard, layout_basic,
          shapermc_ecumenical_altar_mp_highgroup, serial_shops,
          nicolae_lakefront_shop
D:2:      layout_loops_corners, serial_shops, nicolae_shop_behind_doors,
          serial_glass, glass_columns_a, glass_columns_a,
          minmay_misc_feat_square, minmay_ruptured
D:3:      minmay_spotlight, layout_basic, tso_altar, uniq_terence, uniq_natasha,
          uniq_sigmund

Skill      XL: |  1  2  3  4  5 |
---------------+----------------+-----
Maces & Flails | 2 3 |  3.6
Shields        | 3 |  3.4
Fighting       | 3 |  3.1
Dodging        | 3 |  3.1

Action                   |  1- 3 |  4- 6 || total
-------------------------+-------+-------++-------
Melee: Flail             |   132 |   112 ||   244
Throw: Stone             |       |    12 ||    12
  Use: Scroll            |     2 |     2 ||     4
Armor: Robe              |    52 |    32 ||    84
Dodge: Dodged            |    60 |    55 ||   115
Block: Kite shield       |    59 |    51 ||   110
